 Dungeon Crawl Stone Soup version 0.14-a0-717-gc32513d (webtiles) character file.

3041 4tharraofdagon the Cleaver (level 9, -2/59 HPs)
             Began as a Formicid Berserker on Nov 6, 2013.
             Was a High Priest of Trog.
             Slain by Psyche
             ... wielding a +3,+2 dagger of distortion
              (19 damage)
             ... on Level 2 of the Orcish Mines.
             The game lasted 00:22:23 (3879 turns).

4tharraofdagon the Cleaver (Formicid Berserker)     Turns: 3879, Time: 00:22:24

HP  -2/59        AC 16     Str 30      XL: 9   Next: 82%
MP  17/17        EV  8     Int  6      God: Trog [*****.]
Gold 537         SH  0     Dex 10      Spells:  0 memorised,  8 levels left

Res.Fire  : . . .   See Invis. : .   I - +0,+3 orc hand axe (vamp)
Res.Cold  : . . .   Warding    : .   D - +4 orc chain mail
Life Prot.: . . .   Conserve   : .   (no shield)
Res.Poison: x       Res.Corr.  : .   (no helmet)
Res.Elec. : .       Clarity    : .   (no cloak)
Sust.Abil.: + .     Spirit.Shd : .   (no gloves)
Res.Mut.  : .       Stasis     : +   m - +0 pair of boots
Res.Rott. : .       Flight     : .   (no amulet)
Saprovore : . . .                    n - +4 ring of strength
                                     v - ring of sustain abilities

@: regenerating, invisible, very slightly contaminated, very resistant to
hostile enchantments, extremely unstealthy
A: permanent stasis, dig shafts and tunnels, four strong arms, poison weakness,
retractable antennae, antennae 2, exoskeleton 1
a: Dig, Shaft Self, Burn Spellbooks, Berserk, Trog's Hand, Brothers in Arms,
Renounce Religion


You were on level 2 of the Orcish Mines.
You worshipped Trog.
Trog was extremely pleased with you.
You were hungry.

You visited 2 branches of the dungeon, and saw 10 of its levels.
You also visited: Sewer and Ossuary.

You collected 537 gold pieces.

Inventory:

Hand weapons
 a - a +0,+0 hand axe
 C - a +2,+0 war axe
 I - a +0,+3 orcish vampiric hand axe (weapon)
Armour
 b - a cursed +0 animal skin
 e - a +0 visored helmet
 k - the +3 ring mail of the Moon {rN+}
   (You found it on level 8 of the Dungeon)

   It protects you from negative energy.
 m - a +0 pair of boots (worn)
 o - a +0 troll hide
 p - a +1 scale mail
 t - a +0 orcish plate armour
 D - a +4 orcish chain mail (worn)
Magical devices
 u - a wand of frost (9)
Comestibles
 d - 3 bread rations
 f - 3 rotting chunks of troll flesh
 w - 3 chunks of orc flesh
 z - 2 meat rations
 G - a pear
Scrolls
 g - 5 scrolls of remove curse
 A - a scroll of fear
 H - a scroll of identify
Jewellery
 n - a +4 ring of strength (right hand)
 v - a ring of sustain abilities (left hand)
Potions
 c - 3 potions of curing
 h - a potion of poison
 i - a potion of berserk rage
 l - 2 potions of restore abilities
 r - 2 potions of speed
 s - 4 potions of flight
 x - a potion of beneficial mutation
 B - 3 potions of heal wounds
 F - a potion of cure mutation
Books
 q - a book of the Warp

   Spells                             Type                      Level
   Recall                             Summoning/Translocation      3
   Control Teleport                   Charms/Translocation         4
   Phase Shift                        Translocation                5
   Warp Weapon                        Charms/Translocation         5
   Dispersal                          Translocation                6
   Controlled Blink                   Translocation                7
   Disjunction                        Translocation                8
   Trog disapproves of the use of such an item.
Miscellaneous
 j - a plain deck of war {Swap}


   Skills:
 + Level 6.2 Fighting
 * Level 8.7 Axes
 + Level 7.2 Armour
 - Level 1.7 Dodging
 + Level 6.3 Evocations


You had 8 spell levels left.
You didn't know any spells.

Dungeon Overview and Level Annotations

Branches:
Dungeon (8/27)             Temple (0/1) D:4             Orc (2/4) D:7
   Lair: D:8-13

Altars:
Kikubaaqudgha
Nemelex Xobeh
Okawaru
Sif Muna

Annotations:
D:3 Antunes' ghost, weakling DrWn
Orc:2 Psyche


Innate Abilities, Weirdness & Mutations

Your are under a permanent stasis effect.
You can dig through walls and to a lower floor.
Your four strong arms can wield any weapon, most with a shield.
You are susceptible to poison.
The antennae on your head can retract.
You have a pair of antennae on your head.
Your body is surrounded by an exoskeleton. (HP +5, AC +1)


Message History

You catch the helpless orc completely off-guard!
You hit the orc.
The orc is moderately wounded.
You hit the orc but do no damage. You barely miss it. You hit the orc warrior.
You feel better.
The orc warrior is lightly wounded.
You hit the goblin.
The goblin is almost dead.
You hit the orc knight.
You feel better.
The orc knight is lightly wounded.
You hear some strange, mumbled words.
The magic dart hits you!
* * * LOW HITPOINT WARNING * * *
The goblin closely misses you.
The puff of flame hits the goblin.
The goblin dies!
The orc priest invokes the aid of Beogh against you.
The orc convulses in agony!
The orc dies!
It hits you but does no damage. Space warps horribly around you!
You die...

. . ##. .#....
##.#.# .......
#..... .....>..
##....###..#.....
#......#.........
#..$.....oo.....
##.....oo))Tg.....
#......o.@o....#.
#...<>.o)o.......
#......$#........
##.............##
#..............#
#.............#
#.$............
#.............
#.....##....


You could see an orc knight, a troll, 2 orc warriors, an orc priest (frenzied),
4 orcs and a goblin.

Vanquished Creatures
  A troll (Orc:1)
  A sky beast (D:7)
  A black bear (D:6)
  An orc warrior (Orc:1)
  A phantom (D:4)
  5 elf zombies (Ossuary)
  2 ice beasts
  A centaur (D:7)
  A big kobold (Sewer)
  A giant frog (D:8)
  3 killer bees (D:7)
  A centaur zombie (D:7)
  4 crimson imps
  A quasit (D:7)
  A big fish (Sewer)
  2 hounds
  A scorpion (D:7)
  2 jellies
  An orc priest (Orc:1)
  6 orc wizards
  2 worker ants
  A crocodile skeleton (D:7)
  Terence (D:3)
  2 mummies (Ossuary)
  An adder (D:8)
  2 green rats
  4 gnolls (D:4)
  A worm (D:8)
  An adder zombie (Ossuary)
  4 grey rats
  3 giant geckos
  32 orcs
  3 ball pythons
  7 giant cockroaches
  10 goblins
  8 hobgoblins
  2 jackals (Sewer)
  13 bats
  A giant gecko skeleton (D:5)
  5 giant newts
  2 goblin zombies
  13 hobgoblin zombies (Ossuary)
  2 jackal zombies (Ossuary)
  12 kobolds
  7 kobold zombies (Ossuary)
  8 orc zombies (Ossuary)
  A quokka (D:7)
  13 rats
  A rat zombie (D:6)
199 creatures vanquished.

Vanquished Creatures (others)
  3 orcs (Orc:2)
  A goblin (Orc:2)
4 creatures vanquished.

Grand Total: 203 creatures vanquished

Notes
Turn   | Place    | Note
--------------------------------------------------------------
     0 | D:1      | 4tharraofdagon, the Formicid Berserker, began the quest for the Orb.
     0 | D:1      | Reached XP level 1. HP: 19/19 MP: 0/0
   137 | D:1      | Found a sparkling altar of Nemelex Xobeh.
   202 | D:1      | Reached XP level 2. HP: 20/24 MP: 1/1
   423 | D:3      | Acquired Trog's second power
   591 | D:3      | Noticed Terence
   603 | D:3      | Reached XP level 3. HP: 20/29 MP: 2/2
   624 | D:3      | Killed Terence
   635 | D:3      | Noticed Antunes' ghost (weakling DrWn)
   887 | D:2      | Found an ancient bone altar of Kikubaaqudgha.
  1072 | D:4      | Reached skill level 4 in Axes
  1072 | D:4      | Reached XP level 4. HP: 26/33 MP: 3/3
  1133 | D:4      | Reached skill level 1 in Evocations
  1138 | D:4      | Reached XP level 5. HP: 20/38 MP: 3/5
  1263 | D:4      | Noticed a phantom
  1266 | D:4      | Bloax: Any good items so far>?
  1307 | D:4      | Killed a phantom
  1307 | D:4      | Reached XP level 6. HP: 37/43 MP: 7/7
  1316 | D:4      | 4tharraofdagon: this
  1316 | D:4      | 4tharraofdagon: quite good
  1320 | D:4      | Bloax: pretty good for D:4
  1323 | D:4      | Found a staircase to the Ecumenical Temple.
  1342 | D:4      | Bloax: hey who's in the temple
  1378 | D:5      | Entered Level 5 of the Dungeon
  1431 | D:4      | 4tharraofdagon: you know
  1431 | D:4      | 4tharraofdagon: trog wrath will be impossible to deal with
  1431 | D:4      | 4tharraofdagon: ill have to stick with him for the rest of game
  1437 | D:4      | Bloax: well you can wield an exec axe
  1446 | D:4      | Bloax: along with a large shield
  1447 | D:4      | Bloax: that's pretty strong already
  1491 | D:4      | Bloax: it'll have to be a late switch
  1533 | D:4      | Bloax: but if you're going for hugescores then it's a good idea to do so
  1553 | D:4      | 4tharraofdagon: btw
  1553 | D:4      | Bloax: oh
  1553 | D:4      | 4tharraofdagon: look at best formicid attempt
  1553 | D:4      | Bloax: and you have dig
  1553 | D:4      | Bloax: lookie your abilities
  1553 | D:4      | 4tharraofdagon: ill switch to zin
  1553 | D:4      | 4tharraofdagon: lategame i guess
  1681 | D:5      | Reached skill level 5 in Axes
  1756 | D:5      | Noticed an ice beast
  1765 | D:5      | Killed an ice beast
  1879 | D:6      | Reached XP level 7. HP: 40/48 MP: 9/9
  1954 | D:6      | Found a sand-covered staircase.
  1961 | Ossuary  | Entered an ossuary
  2146 | Ossuary  | Noticed an elf zombie
  2166 | Ossuary  | Reached skill level 6 in Axes
  2191 | Ossuary  | Killed an elf zombie
  2191 | Ossuary  | Reached skill level 5 in Armour
  2191 | Ossuary  | Gained mutation: You have a pair of antennae on your head. [level up]
  2191 | Ossuary  | Reached XP level 8. HP: 50/53 MP: 10/12
  2339 | D:6      | Noticed a black bear
  2350 | D:6      | Killed a black bear
  2350 | D:6      | Reached skill level 5 in Fighting
  2401 | D:6      | Found a glowing drain.
  2410 | Sewer    | Entered a sewer
  2468 | Sewer    | Reached skill level 7 in Axes
  2482 | Sewer    | Acquired Trog's third power
  2501 | Sewer    | Found a white marble altar of Elyvilon.
  2617 | D:6      | Found an iron altar of Okawaru.
  2662 | D:7      | Found a staircase to the Orcish Mines.
  2731 | D:7      | Reached skill level 5 in Evocations
  2731 | D:7      | Reached XP level 9. HP: 23/58 MP: 15/15
  2983 | D:7      | Bloax: You feel a
  2996 | D:7      | Bloax: :DDDDreadful hunger
  3113 | D:7      | Reached skill level 8 in Axes
  3200 | D:8      | Bloax: What did !BMut give?
  3217 | D:8      | Got a faintly glowing ring mail
  3235 | D:8      | Identified the +3 ring mail of the Moon {rN+} (You found it on level 8 of the Dungeon)
  3282 | D:8      | 4tharraofdagon: i still have
  3360 | D:8      | Found a deep blue altar of Sif Muna.
  3421 | Orc:1    | Entered Level 1 of the Orcish Mines
  3440 | Orc:1    | Found a deep blue altar of Sif Muna.
  3453 | Orc:1    | Bloax: oh yeah
  3459 | Orc:1    | Noticed a troll
  3461 | Orc:1    | Bloax: can't you shaft yourself?
  3479 | Orc:1    | Killed a troll
  3860 | Orc:2    | Noticed Psyche
  3865 | Orc:2    | Noticed an orc knight
  3866 | Orc:2    | Noticed a troll
  3879 | Orc:2    | Slain by Psyche

Action                   |  1- 3 |  4- 6 |  7- 9 || total
-------------------------+-------+-------+-------++-------
Melee: Hand axe          |   140 |    66 |   154 ||   360
       War axe           |       |    34 |   283 ||   317
Invok: Trog's Hand       |     1 |     1 |     8 ||    10
 Abil: Dig               |       |       |     4 ||     4
Evoke: Wand              |       |       |     3 ||     3
  Use: Scroll            |       |     4 |    19 ||    23
       Potion            |       |       |     9 ||     9
 Stab: Invisible         |       |       |     4 ||     4
